 Dungeon Crawl Stone Soup version 0.25-a0-547-g27a0b5d (webtiles) character file.

Game seed: 17031307196360479449, levelgen mode: deterministic

3155 Firecrotchwizard the Cleaver (level 9, -1/80 HPs)
             Began as a Minotaur Gladiator on Feb 22, 2020.
             Was a Priest of Makhleb.
             Slain by an orc warrior
             ... wielding a +0 war axe
              (14 damage)
             ... on level 9 of the Dungeon.
             The game lasted 00:12:16 (8105 turns).

Firecrotchwizard the Cleaver (Minotaur Gladiator)   Turns: 8105, Time: 00:12:17

Health: -1/80      AC: 13    Str: 20    XL:     9   Next: 62%
Magic:  10/10      EV: 11    Int:  6    God:    Makhleb [***...]
Gold:   353        SH:  0    Dex: 16    Spells: 8/8 levels left

rFire    . . .     SeeInvis .   a - +1 war axe
rCold    . . .     Gourm    .   (no shield)
rNeg     . . .     Faith    .   D - +0 chain mail
rPois    .         Spirit   .   c - +2 hat
rElec    .         Reflect  .   t - +0 cloak
rCorr    .         Harm     .   (no gloves)
MR       .....                  (no boots)
Stlth    ..........             p - amulet of the acrobat
HPRegen  0.23/turn              l - +3 ring of dexterity
MPRegen  0.12/turn              (no ring)

@: no status effects
A: retaliatory headbutt, horns 2
a: Minor Destruction, Lesser Servant of Makhleb, Renounce Religion


You were on level 9 of the Dungeon.
You worshipped Makhleb.
Makhleb was most pleased with you.
You were not hungry.

You visited 2 branches of the dungeon, and saw 10 of its levels.
You also visited: Ossuary.

You collected 353 gold pieces.

Inventory:

Hand Weapons
 a - a +1 war axe (weapon)
Missiles
 d - 3 throwing nets {=f, !d}
Armour
 b - a +0 leather armour
 c - a +2 hat (worn)
 h - a +0 scale mail
   (You found it on level 1 of the Dungeon)
 t - a +0 cloak (worn)
   (You found it on level 4 of the Dungeon)
 C - a scarf of cloud immunity
   (You found it on level 6 of the Dungeon)
 D - a +0 chain mail (worn)
   (You found it on level 6 of the Dungeon)
Jewellery
 l - a +3 ring of dexterity (left hand)
   (You found it on level 1 of the Dungeon)
 p - an amulet of the acrobat (around neck)
   (You found it on level 2 of the Dungeon)
Wands
 o - a wand of random effects (18)
   (You found it on level 2 of the Dungeon)
 q - a wand of flame (28)
   (You found it on level 3 of the Dungeon)
 w - a wand of digging (8)
   (You found it on level 9 of the Dungeon)
 F - a wand of paralysis (5)
   (You found it on level 7 of the Dungeon)
Scrolls
 j - a scroll of fear
 k - 3 scrolls of teleportation
 m - a scroll of amnesia
 n - 4 scrolls of identify
 s - 3 scrolls of remove curse
 y - a scroll of enchant weapon
 B - a scroll of fog
Potions
 e - 4 potions of brilliance {unknown}
 g - a potion of mutation {unknown}
 i - 2 potions of heal wounds {unknown}
 r - a potion of lignification {unknown}
 v - 2 potions of flight {unknown}
 x - a potion of curing {unknown}
 z - a potion of magic {unknown}
Comestibles
 f - 21 rations
 u - 7 chunks of flesh {@w0}


   Skills:
 + Level 7.6 Fighting
 * Level 10.8 Axes
 - Level 2.0 Throwing
 + Level 7.1 Armour
 - Level 5.9 Dodging
 + Level 3.7 Invocations


You had 8 spell levels left.
You didn't know any spells.
Your spell library contained the following spells:

 Spells                   Type           Power        Failure   Level  Hunger
 Summon Small Mammal      Summ           #...         99%         1    ##.....
 Call Imp                 Summ           #.......     99%         2    ###....
 Call Canine Familiar     Summ           #.......     100%        3    ####...
 Summon Guardian Golem    Hex/Summ       #.......     100%        3    ####...
 Summon Ice Beast         Ice/Summ       #.......     100%        4    #####..
 Summon Lightning Spire   Summ/Air       #.......     100%        4    #####..


Dungeon Overview and Level Annotations

Branches:
Dungeon (9/15)             Temple (1/1) D:5            Lair (0/6) D:9
Ossuary (visited)
    Orc: D:9-12

Altars:
Ashenzari
Cheibriados
Dithmenos
Elyvilon
Fedhas
Gozag
Hepliaklqana
Kikubaaqudgha
Makhleb
Okawaru
Qazlal
Ru
Sif Muna
Trog
Uskayaw
Vehumet
Wu Jian
Xom
Yredelemnul
Zin
The Shining One


Innate Abilities, Weirdness & Mutations

You reflexively headbutt those who attack you in melee.
You have a pair of horns on your head.


Message History

You climb downwards.
There is a stone staircase leading up here.
Health restored: 79
w - a wand of digging (8)
You open the door.
There is an open door here.
Found a stone staircase leading down.
Found a stone staircase leading up.
An orc wizard comes into view. It is wielding a +0 dagger.
The orc wizard shouts!
You see here a scroll of teleportation.
k - 3 scrolls of teleportation (gained 1)
An orc comes into view. It is wielding a +0 club.
A warg comes into view.
A warg comes into view.
The warg howls!
The orc shouts!
The warg howls!
An orc warrior comes into view. It is wielding a +0 war axe.
An orc comes into view. It is wielding a +0 club.
The orc warrior shouts!
The orc shouts!
Found a staircase to the Lair.
The warg falls through a shaft!
The shaft crumbles and collapses.
The orc wizard hits you but does no damage.
You closely miss the orc wizard.
The orc wizard hits you but does no damage.
Your chain mail prevents you from hitting the orc wizard.
Your headbutt misses the orc wizard. You closely miss the orc.
The orc wizard hits you but does no damage.
The orc hits you with a +0 club.
You take 2 damage, and have 77/79 hp.
Your chain mail prevents you from hitting the warg.
You headbutt the warg. You barely miss the orc wizard.
Your chain mail prevents you from hitting the orc.
The warg bites you. The orc hits you but does no damage. The warg bites you.
You take 11 damage, and have 66/79 hp.
You hit the warg.
You hit the orc warrior but do no damage.
You slash the orc!
You kill the orc!
Makhleb accepts your kill.
You feel better. The warg bites you but does no damage.
You closely miss the warg. You hit the orc warrior.
You closely miss the orc wizard. You slash the orc!
The orc warrior hits you with a +0 war axe!
The warg barely misses you.
The orc wizard looks braver for a moment.
The orc closely misses you.
You take 11 damage, and have 56/79 hp.
You are too injured to fight recklessly!
You are too injured to fight recklessly!
You are too injured to fight recklessly!
You are too injured to fight recklessly!
You are too injured to fight recklessly!
You slash the warg! You headbutt the warg.
You hit the orc warrior but do no damage.
You hit the orc wizard. You slash the orc!
You kill the orc!
Makhleb accepts your kill. The warg barely misses you. You furiously retaliate!
You headbutt the warg.
The orc wizard begins to cast a cantrip, but forgets the words!
The orc warrior closely misses you. You furiously retaliate!
You headbutt the orc warrior, but do no damage.
You hit the warg but do no damage. You slash the orc warrior!
You hit the orc wizard. The warg barely misses you.
The orc wizard hits you but does no damage.
The orc warrior hits you with a +0 war axe!
The warg barely misses you.
You take 15 damage, and have 41/79 hp.
Your chain mail prevents you from hitting the warg.
You headbutt the warg, but do no damage.
You closely miss the orc warrior. You closely miss the orc wizard.
The orc wizard casts a spell.
The orc wizard seems to speed up.
The warg bites you but does no damage.
The orc warrior hits you but does no damage.
Your chain mail prevents you from hitting the orc warrior.
You hit the orc wizard but do no damage.
You slash the warg!
You kill the warg!
Makhleb accepts your kill.
The orc wizard gestures at you while chanting.
The puff of frost hits you!
The orc wizard looks satisfied for a moment.
You take 7 damage, and have 34/79 hp.
You hit the orc warrior but do no damage.
You slash the orc wizard!
You kill the orc wizard!
Makhleb accepts your kill.
The orc warrior hits you with a +0 war axe!
You take 8 damage, and have 26/80 hp.
You hit the orc warrior but do no damage.
The orc warrior hits you with a +0 war axe!
* * * LOW HITPOINT WARNING * * *
You take 14 damage, and have 12/80 hp.
Your chain mail prevents you from hitting the orc warrior.
You headbutt the orc warrior, but do no damage.
The orc warrior barely misses you.
You hit the orc warrior but do no damage.
Your headbutt misses the orc warrior.
The orc warrior hits you with a +0 war axe!
You die...

#..........##
#.....>.....#
...........#
.........#
#..P..P.#
#.......# #.o)$.#
#.###@).#
#.#.#.....#
#.#.#.#####
#.#.#.# #.....#
#.....#####..
..#.#............
#.#.#....######..
#.#.#....#


You could see an orc warrior.

Vanquished Creatures
  A hippogriff (D:7)
  A wyvern (D:8)
  A yak (D:8)
  A human (D:8)
  3 hogs (D:8)
  A warg (D:9)
  An ice beast (D:4)
  An ogre (D:6)
  A necrophage (D:7)
  A phantom (D:5)
  A centaur (D:5)
  A bullfrog (D:8)
  A water moccasin zombie (Ossuary)
  A scorpion (D:6)
  5 killer bees
  A howler monkey (D:5)
  7 crimson imps
  3 hounds
  2 orc priests
  5 orc wizards
  A jelly (D:5)
  3 iguanas
  3 worker ants (D:4)
  2 big kobold zombies (Ossuary)
  A hound skeleton (D:5)
  2 mummies (Ossuary)
  A howler monkey skeleton (D:8)
  11 adders
  6 river rats (D:6)
  2 shadow imps
  6 adder zombies (Ossuary)
  2 adder skeletons (D:7)
  6 worms
  A dart slug (D:2)
  4 leopard geckos
  23 orcs
  7 giant cockroaches
  3 gnoll zombies (Ossuary)
  7 hobgoblins
  17 jackals
  7 kobolds
  11 quokkas
  13 bats
  7 frilled lizards
  A giant cockroach zombie (D:5)
  6 goblins
  8 hobgoblin zombies (Ossuary)
  A jackal zombie (D:5)
  3 kobold zombies (Ossuary)
  A leopard gecko zombie (D:5)
  4 orc zombies (Ossuary)
  A quokka zombie (D:6)
  19 rats
229 creatures vanquished.

Notes
Turn   | Place    | Note
-------+----------+-------------------------------------------
     0 | D:1      | Firecrotchwizard the Minotaur Gladiator began the quest for
                  | the Orb.
     0 | D:1      | Reached XP level 1. HP: 18/18 MP: 0/0
   150 | D:1      | Reached XP level 2. HP: 25/25 MP: 1/1
   152 | D:1      | Reached skill level 4 in Axes
   309 | D:1      | Reached skill level 1 in Armour
   879 | D:2      | Reached XP level 3. HP: 25/30 MP: 2/2
   904 | D:2      | Reached skill level 3 in Fighting
  1177 | D:2      | Found a sacrificial altar of Ru.
  1247 | D:2      | Found a faded altar of an unknown god.
  1524 | D:2      | Reached XP level 4. HP: 38/38 MP: 3/3
  1677 | D:2      | Reached skill level 2 in Armour
  2242 | D:3      | Reached skill level 4 in Dodging
  2255 | D:3      | Reached skill level 5 in Axes
  2263 | D:3      | HP: 3/38 [orc priest/divine providence (10)]
  2264 | D:3      | Reached XP level 5. HP: 4/45 MP: 4/4
  2877 | D:3      | Reached skill level 4 in Fighting
  3260 | D:4      | Reached skill level 3 in Armour
  3275 | D:4      | Reached XP level 6. HP: 52/52 MP: 5/5
  3343 | D:4      | Reached skill level 6 in Axes
  3444 | D:4      | HP: 13/52 [orc/+0 flail (3)]
  3451 | D:4      | HP: 11/53 [poisoned by a worker ant]
  4103 | D:4      | Found a shattered altar of Ashenzari.
  4160 | D:4      | Reached XP level 7. HP: 38/60 MP: 6/6
  4328 | D:4      | Reached skill level 5 in Dodging
  4653 | D:5      | Entered Level 5 of the Dungeon
  4672 | D:5      | Reached skill level 7 in Axes
  4672 | D:5      | Reached skill level 4 in Armour
  4689 | D:5      | Reached skill level 5 in Fighting
  4847 | D:5      | Found a staircase to the Ecumenical Temple.
  4855 | Temple   | Entered the Ecumenical Temple
  4956 | Temple   | Became a worshipper of Makhleb the Destroyer
  5519 | D:6      | Reached skill level 8 in Axes
  5519 | D:6      | Reached XP level 8. HP: 56/69 MP: 7/7
  5591 | D:6      | Found a sand-covered staircase.
  5728 | Ossuary  | Entered an ossuary
  5763 | Ossuary  | Reached * piety under Makhleb
  5828 | Ossuary  | Reached skill level 5 in Armour
  6206 | D:6      | Reached ** piety under Makhleb
  6224 | D:6      | Reached skill level 6 in Fighting
  6448 | D:7      | Reached skill level 9 in Axes
  6448 | D:7      | Reached skill level 1 in Invocations
  6573 | D:7      | Noticed a hippogriff
  6578 | D:7      | Killed a hippogriff
  6687 | D:7      | Reached skill level 2 in Invocations
  6744 | D:7      | Found a shimmering blue altar of Sif Muna.
  6943 | D:7      | Found a shadowy altar of Dithmenos.
  7105 | D:7      | Reached *** piety under Makhleb
  7105 | D:7      | Reached skill level 6 in Armour
  7347 | D:8      | Reached XP level 9. HP: 78/78 MP: 9/9
  7536 | D:8      | Found an ornate altar of the Wu Jian Council.
  7542 | D:8      | Reached skill level 7 in Fighting
  7542 | D:8      | Reached skill level 10 in Axes
  7773 | D:8      | Found a blossoming altar of Fedhas.
  7954 | D:8      | Reached skill level 3 in Invocations
  7971 | D:8      | Reached skill level 7 in Armour
  8091 | D:9      | Found a staircase to the Lair.
  8103 | D:9      | HP: 12/80 [orc warrior/+0 war axe (14)]
  8105 | D:9      | Slain by an orc warrior

Levels and vault maps discovered:
D:1:      minmay_arrival_five_plusses, layout_loops_corners,
          palyth_stone_intersect, minmay_misc_feat_plants
D:2:      layout_loops_ring, first_ration, chequers_ecumenical_altar_simple,
          nicolae_ru_the_path_less_chosen
D:3:      layout_loops_corners
D:4:      layout_loops_cross, overflow_temple_1_default
D:5:      layout_basic, minmay_temple_entry_overgrown
D:6:      lemuel_ratsnest, layout_loops_ring, chequers_ossuary_entry_cave
D:7:      layout_basic, kennysheep_mini_moat, lemuel_crystal_altar
D:8:      layout_basic, grunt_temple_overflow_open, grunt_livestock
D:9:      layout_basic, nemelex_xobeh_ov_fountains_minmay,
          erik_lair_orcish_takeover, serial_shops, shop,
          kennysheep_generic_room_8
Temple:   eino_temple_rhombus

Skill      XL: |  1  2  3  4  5  6  7  8  9 |
---------------+----------------------------+-----
Axes           | 4 5 6 8 9 10 | 10.8
Armour         | 1 2 3 4 6 7 |  7.1
Fighting       | 3 4 5 6 7 |  7.6
Dodging        | 4 5 |  5.9
Invocations    | 2 3 |  3.7
Throwing       | |  2.0

Action                   |  1- 3 |  4- 6 |  7- 9 || total
-------------------------+-------+-------+-------++-------
Melee: War axe           |    83 |   146 |   285 ||   514
       Headbutt          |    11 |    30 |    73 ||   114
Invok: Minor Destruction |       |       |     3 ||     3
  Use: Scroll            |       |     5 |     9 ||    14
  Eat: Chunk             |     2 |     8 |    13 ||    23
Armor: Leather armour    |     7 |       |       ||     7
       Scale mail        |    29 |    50 |    31 ||   110
       Chain mail        |       |       |    73 ||    73
Dodge: Dodged            |    63 |   109 |   200 ||   372

Table legend:
 A = Non-vault XP
 B = Vault XP
 C = Vault XP percentage of total XP
 D = Non-vault monster count
 E = Vault monster count
 F = Vault count percentage of total count
                 A         B        C        D         E       F
            +---------+---------+-------+---------+---------+-------
      Total |    2925 |    1583 |  35.1 |     166 |      63 |  27.5
            +---------+---------+-------+---------+---------+-------
        D:1 |      32 |       0 |   0.0 |      20 |       0 |   0.0
        D:2 |      91 |       0 |   0.0 |      31 |       0 |   0.0
        D:3 |     219 |       0 |   0.0 |      45 |       0 |   0.0
        D:4 |     527 |       0 |   0.0 |      21 |       0 |   0.0
        D:5 |     499 |       0 |   0.0 |      15 |       0 |   0.0
        D:6 |     193 |     186 |  49.1 |       8 |      25 |  75.8
        D:7 |     811 |       0 |   0.0 |      16 |       0 |   0.0
        D:8 |     553 |     964 |  63.5 |      10 |       5 |  33.3
        D:9 |       0 |     211 | 100.0 |       0 |       4 | 100.0
    Ossuary |       0 |     222 | 100.0 |       0 |      29 | 100.0
            +---------+---------+-------+---------+---------+-------

Levels and vault maps discovered:
D:1:      minmay_arrival_five_plusses, layout_loops_corners,
          palyth_stone_intersect, minmay_misc_feat_plants
D:2:      layout_loops_ring, first_ration, chequers_ecumenical_altar_simple,
          nicolae_ru_the_path_less_chosen
D:3:      layout_loops_corners
D:4:      layout_loops_cross, overflow_temple_1_default
D:5:      layout_basic, minmay_temple_entry_overgrown
D:6:      lemuel_ratsnest, layout_loops_ring, chequers_ossuary_entry_cave
D:7:      layout_basic, kennysheep_mini_moat, lemuel_crystal_altar
D:8:      layout_basic, grunt_temple_overflow_open, grunt_livestock
D:9:      layout_basic, nemelex_xobeh_ov_fountains_minmay,
          erik_lair_orcish_takeover, serial_shops, shop,
          kennysheep_generic_room_8
Temple:   eino_temple_rhombus

Table legend:
 A = Turns spent in this place as a percentage of turns spent in the entire game.
 B = Non-inter-level travel turns spent in this place as a percentage of non-inter-level travel turns spent in the entire game.
 C = Inter-level travel turns spent in this place as a percentage of turns spent in this place.
 D = Turns resting spent in this place as a percentage of non-inter-level travel turns spent in this place.
 E = Turns spent auto-exploring this place as a percentage of non-inter-level travel turns spent in this place.
 F = Non-inter-level travel turns spent in this place divided by the number of levels of this place that you've seen.
                   A       B       C       D       E      F
               +-------+-------+-------+-------+-------+----------------------
         Total | 100.0 | 100.0 |   5.1 |  25.2 |  59.3 | 699.1
       Dungeon |  96.7 |  96.6 |   5.2 |  26.1 |  59.2 | 825.6
        Temple |   1.4 |   1.3 |   8.9 |   0.0 |  91.2 | 102.0
       Ossuary |   1.9 |   2.1 |   0.0 |   0.0 |  44.3 | 158.0
               +-------+-------+-------+-------+-------+----------------------

Table legend:
 A = Kills in this place as a percentage of kills in entire the game.
 B = Kills by you in this place as a percentage of kills by you in the entire game.
 C = Kills by friends in this place as a percentage of kills by friends in the entire game.
 D = Other kills in this place as a percentage of other kills in the entire game.
 E = Experience gained in this place as a percentage of experience gained in the entire game.
 F = Experience gained in this place divided by the number of levels of this place that you have seen.
                   A       B       C       D       E      F
               +-------+-------+-------+-------+-------+----------------------
         Total | 100.0 | 100.0 |   N/A |   N/A | 100.0 | 409.8
       Dungeon |  87.3 |  87.3 |   N/A |   N/A |  95.1 | 476.2
       Ossuary |  12.7 |  12.7 |   N/A |   N/A |   4.9 | 222.0
               +-------+-------+-------+-------+-------+----------------------
